 Dungeon Crawl Stone Soup version 0.31.0-32-g396128a36d (webtiles) character file.

Game seed: 10258831719469341192

1428 imdaedric the Magician (level 8, -3/43 HPs)
             Began as a Deep Elf Conjurer on Apr 21, 2024.
             Slain by a hound (5 damage)
             ... on level 5 of the Dungeon.
             The game lasted 00:11:44 (6851 turns).

imdaedric the Magician (Deep Elf Conjurer)          Turns: 6851, Time: 00:11:45

Health: -3/43      AC:  3    Str:  4    XL:     8   Next: 44%
Magic:  12/19      EV: 11    Int: 26    God:
Gold:   290        SH:  7    Dex: 13    Spells: 17/20 levels left

rFire   . . .        v - staff of conjuration
rCold   . . .        w - +3 warlock's mirror {omnireflect}
rNeg    . . .        a - +0 robe
rPois   .            (no helmet)
rElec   .            (no cloak)
rCorr   .            r - +0 pair of gloves
SInv    .            (no boots)
Will    .....        (no amulet)
Stlth   ++           (no ring)
HPRegen 0.27/turn    (no ring)
MPRegen 0.16/turn

%: reflection
@: no status effects
A: no striking features
a: no special abilities


You were on level 5 of the Dungeon.
You visited 1 branch of the dungeon, and saw 5 of its levels.

You collected 290 gold pieces.

Inventory:

Armour
 a - a +0 robe (worn)
 r - a +0 pair of gloves (worn)
 w - the +3 warlock's mirror (worn) {omnireflect}
   (You acquired it on level 4 of the Dungeon)

   Omnireflect: It can block and reflect piercing ranged attacks and magical
   attacks against the wielder's willpower.
Magical Staves
 v - a staff of conjuration (weapon)
Wands
 j - a wand of polymorph (12)
 l - a wand of flame (17)
 m - a wand of paralysis (8)
Scrolls
 g - a scroll of silence
 n - 2 scrolls of fear
 p - a scroll of noise {unknown}
 q - a scroll of fog {unknown}
Potions
 c - 4 potions of brilliance
 d - a potion of lignification {unknown}
 f - 4 potions of heal wounds
 h - 2 potions of haste {unknown}
 i - a potion of cancellation {unknown}
 k - 2 potions of degeneration {unknown}
 o - a potion of resistance {unknown}
 s - a potion of curing {unknown}
 t - a potion of invisibility {unknown}
 u - a potion of attraction {unknown}


   Skills:
 - Level 1.0 Fighting
 - Level 2.4 Dodging
 - Level 2.4 Stealth
 + Level 2.6 Shields
 + Level 6.6 Spellcasting
 + Level 6.6 Conjurations
 + Level 4.8 Translocations
 - Level 2.1 Fire Magic
 - Level 2.3 Earth Magic
 + Level 4.6 Alchemy


You had 17 spell levels left.
You knew the following spells:

 Your Spells              Type           Power      Damage    Failure   Level
a - Magic Dart            Conj           100%       1d8       1%          1
z - Searing Ray           Conj           100%       2d8       1%          2

Your spell library contained the following spells:

 Spells                   Type           Power      Damage    Failure   Level
 Foxfire                  Conj/Fire      100%       2x1d9     1%          1
 Hailstorm                Conj/Ice       38%        3d9       10%         3
 Fulminant Prism          Conj/Alch      27%        3d14      12%         4
 Iskenderun's Mystic Bla  Conj/Tloc      55%        2d12      12%         4
 Iskenderun's Battlesphe  Conj           60%        2d11      22%         5
 Summon Ice Beast         Ice/Summ       8%         N/A       36%         3
 Bombard                  Conj/Erth      24%        9d5       96%         6
 Starburst                Conj/Fire      23%        6d8       97%         6
 Plasma Beam              Fire/Air       7%         2x1d17    100%        6
 Sculpt Simulacrum        Ice/Alch       10%        N/A       100%        6
 Spellforged Servitor     Conj/Summ      19%        N/A       100%        7


Dungeon Overview and Level Annotations

Branches:
Dungeon (5/15)
 Temple: D:4-7

Altars:
Makhleb

Shops:
D:1 *   D:4 *

Annotations:
D:5 4 runed translucent doors


Message History

The searing ray hits the wyvern!
The wyvern is severely wounded.
The searing ray hits the hound.
The hound is severely wounded.
You hear an angry hiss.
The wyvern bites you!
The searing ray hits the wyvern.
The wyvern is almost dead.
The searing ray misses the hound.
The searing ray hits the iguana.
The iguana is moderately wounded.
You block the wyvern's attack. The wyvern bites you.
The searing ray misses the wyvern.
The searing ray misses the hound.
The searing ray hits the iguana.
The iguana is moderately wounded.
The searing ray hits the jelly.
The jelly is moderately wounded.
You finish channelling your searing ray.
The wyvern closely misses you. The wyvern bites you!!
* * * LOW HITPOINT WARNING * * *
The wyvern bites you.
* * * LOW HITPOINT WARNING * * *
Casting: Searing Ray (safe; 1% risk of failure)
Confirm with . or Enter, or press ? or * to list all spells.
Aiming: Searing Ray (safe; 1% risk of failure)
Press: ? - help, Shift-Dir - straight line, f - jelly
Aim: a jelly (moderately wounded, 100% to hit)
You feel a surge of power!
The searing ray hits the wyvern!
You kill the wyvern!
The searing ray hits the hound.
The hound is almost dead.
The searing ray hits the iguana!
You kill the iguana!
The searing ray hits the jelly!
The jelly is almost dead. (Press . to maintain the ray.)
The searing ray misses the hound.
The searing ray hits the jelly.
You kill the jelly!
The hound bites you.
You die...

.# #......# #...# #######
.# #......# #...# .#
#......# #...# .#
#......########## .#
#...............##
.#########.............##
................######..##
####T#####.....##h...##..#
#.#####..†..#@####.#..#
#.##........##.#...#..#
#.#..##++##.'.##k#J#..#
#.#.##8..8#####l##.#..#
#.#.#8....8# #[. (##..#
#...#:....!# ## ##...#
##..#?....|# ######...#
#..#8....8# #....##..#
##.##8..8#######..#..#


You could see a hound.

Vanquished Creatures
  A troll (D:5)
  A wyvern (D:5)
  An ice beast (D:5)
  An ogre (D:5)
  A phantom (D:4)
  2 scorpions (D:5)
  A jelly (D:5)
  2 bombardier beetles
  3 hounds
  5 orc priests
  A sleepcap (D:5)
  A gnoll bouda (D:4)
  Jessica (D:2)
  3 iguanas
  2 orc wizards (D:4)
  Robin (D:3)
  4 gnolls
  4 adders
  A white imp (D:5)
  A dart slug (D:1)
  3 ribbon worms
  16 orcs
  6 ball pythons
  5 bats
  3 endoplasms
  5 giant cockroaches
  13 goblins
  12 hobgoblins
  3 kobolds
  3 quokkas
  3 frilled lizards
  5 rats
114 creatures vanquished.

Notes
Turn   | Place    | Note
-------+----------+-------------------------------------------
     0 | D:1      | imdaedric the Deep Elf Conjurer began the quest for the
                  | Orb.
     0 | D:1      | Reached XP level 1. HP: 10/10 MP: 6/6
    48 | D:1      | Found Xeusyive's Assorted Antiques.
   211 | D:1      | Reached XP level 2. HP: 16/16 MP: 5/8
   214 | D:1      | Learned a level 2 spell: Searing Ray
   668 | D:1      | Reached skill level 1 in Translocations
   668 | D:1      | Reached skill level 1 in Alchemy
  1140 | D:2      | Reached XP level 3. HP: 20/20 MP: 6/9
  1183 | D:2      | Noticed Jessica
  1188 | D:2      | Killed Jessica
  1189 | D:2      | Reached skill level 1 in Fighting
  1689 | D:2      | Reached XP level 4. HP: 25/25 MP: 9/11
  1988 | D:3      | Noticed Robin
  1991 | D:3      | Killed Robin
  2456 | D:3      | Identified the +4 whip of the Wizarding Spider {flame,
                  | +Blink Str+3 Stlth+}
  2602 | D:3      | Found a burning altar of Makhleb.
  2765 | D:3      | Reached skill level 1 in Earth Magic
  3399 | D:3      | Reached skill level 5 in Conjurations
  3399 | D:3      | Reached XP level 5. HP: 29/29 MP: 8/13
  3476 | D:4      | Reached skill level 1 in Fire Magic
  4371 | D:4      | Reached XP level 6. HP: 7/34 MP: 2/14
  5288 | D:4      | Identified 2 scrolls of acquirement
  5288 | D:4      | Acquired the +3 warlock's mirror {omnireflect}
  5288 | D:4      | Found the +3 warlock's mirror {omnireflect}
  5295 | D:4      | Acquired a staff of conjuration
  5490 | D:4      | Found Dasy's Assorted Antiques.
  5549 | D:5      | Entered Level 5 of the Dungeon
  5604 | D:5      | Found a large runed translucent door.
  5604 | D:5      | Found a large runed translucent door.
  5604 | D:5      | Noticed a steam dragon
  5606 | D:5      | Found a large runed translucent door.
  5606 | D:5      | Found a large runed translucent door.
  5638 | D:5      | Noticed a troll
  5817 | D:5      | Reached XP level 7. HP: 22/38 MP: 9/16
  5939 | D:5      | Reached skill level 5 in Spellcasting
  5987 | D:4      | Reached skill level 1 in Shields
  6400 | D:5      | Reached XP level 8. HP: 17/43 MP: 9/19
  6684 | D:5      | Killed a troll
  6849 | D:5      | HP: 1/43 [wyvern (2)]
  6851 | D:5      | Slain by a hound

Illustrated notes

Levels and vault maps discovered:
D:1:      wheals_arrival_linesprint, layout_loops_ring, serial_shops, shop,
          st_stairs_3
D:2:      layout_rooms, uniq_jessica
D:3:      layout_loops_ring, bloody_makhleb, minivault_4, uniq_robin
D:4:      layout_cave_pools, serial_shops, shop, st_stairs_10
D:5:      layout_basic, serial_bayou_pond_c, minmay_hollow_rounded_squares,
          uniq_pikel

Skill      XL: |  1  2  3  4  5  6  7 |
---------------+----------------------+-----
Translocations | 1 2 3 4 |  4.8
Alchemy        | 1 2 3 4 |  4.6
Fighting       | 1 |  1.0
Earth Magic    | 1 2 |  2.3
Spellcasting   | 4 6 |  6.6
Conjurations   | 5 6 |  6.6
Fire Magic     | 1 2 |  2.1
Shields        | 2 |  2.6
Dodging        | |  2.4
Stealth        | |  2.4

Action                     |  1- 3 |  4- 6 |  7- 9 || total
---------------------------+-------+-------+-------++-------
  Melee: Whip              |       |     8 |       ||     8
         Punch             |       |     1 |       ||     1
   Cast: Magic Dart        |    45 |    68 |    18 ||   131
         Searing Ray       |    11 |    40 |    17 ||    68
Ability: Evoke Blink       |       |     1 |       ||     1
    Use: Scroll            |       |     6 |     1 ||     7
         Potion            |       |       |     2 ||     2
 Armour: Robe              |     3 |    46 |    34 ||    83
  Dodge: Dodged            |     4 |    22 |    26 ||    52
  Block: Buckler           |       |     3 |    10 ||    13
         Reflection        |       |       |     1 ||     1
